 Dungeon Crawl Stone Soup version 0.25.0-46-gbd7b0854d2 (webtiles) character file.

Game seed: 7329117300419362013

61 Elvor the Bolt Thrower (level 3, -6/31 HPs)
             Began as a Minotaur Hunter on July 13, 2020.
             Splashed by an oklob plant's acid (9 damage)
             ... on level 2 of the Dungeon.
             The game lasted 00:14:14 (1151 turns).

Elvor the Bolt Thrower (Minotaur Hunter)            Turns: 1151, Time: 00:14:18

Health: -6/31      AC:  3    Str: 17    XL:     3   Next: 83%
Magic:  2/2        EV: 11    Int:  8    God:
Gold:   85         SH:  3    Dex: 10    Spells: 2/2 levels left

rFire    . . .     SeeInvis .   j - +2 dagger (drain)
rCold    . . .     Gourm    .   b - +0 buckler
rNeg     . . .     Faith    .   c - +0 leather armour
rPois    .         Spirit   .   (helmet restricted)
rElec    .         Reflect  .   (no cloak)
rCorr    .         Harm     .   (no gloves)
MR       .....                  (no boots)
Stlth    +.........             (no amulet)
HPRegen  0.10/turn              (no ring)
MPRegen  0.08/turn              (no ring)

@: no status effects
A: retaliatory headbutt, horns 2
a: no special abilities


You were on level 2 of the Dungeon.
You were not hungry.

You visited 1 branch of the dungeon, and saw 2 of its levels.

You collected 85 gold pieces.

Inventory:

Hand Weapons
 a - a +1 hand crossbow
 j - a +2 dagger of draining (weapon)
 o - a +1 whip of venom
Missiles
 d - 25 bolts
Armour
 b - a +0 buckler (worn)
 c - a +0 leather armour (worn)
Scrolls
 e - 2 scrolls of fear {unknown}
 i - a scroll of identify {unknown}
 m - a scroll of teleportation {unknown}
 n - a scroll of magic mapping {unknown}
Potions
 h - a potion of flight {unknown}
 k - a potion of brilliance {unknown}
 l - a potion of might {unknown}
 p - a potion of invisibility {unknown}
Comestibles
 f - 2 rations


   Skills:
 * Level 3.0 Fighting
 + Level 5.5 Crossbows
 + Level 0.5 Armour
 + Level 2.4 Dodging
 + Level 0.9 Stealth


You had 2 spell levels left.
You didn't know any spells.
Your spell library was empty.

Dungeon Overview and Level Annotations

Branches:
Dungeon (2/15)

Altars:
Dithmenos
Fedhas

Annotations:
D:2 exclusion: oklob plant


Innate Abilities, Weirdness & Mutations

You reflexively headbutt those who attack you in melee.
You have a pair of horns on your head.


Message History

You hit the oklob plant but do no damage.
You headbutt the oklob plant, but do no damage.
You hit the oklob plant.
The oklob plant is lightly damaged.
You hit the oklob plant but do no damage.
The oklob plant is lightly damaged.
You hit the oklob plant but do no damage.
You headbutt the oklob plant.
The oklob plant is lightly damaged.
The oklob plant spits acid at you. The splash of acid misses you.
The splash of acid hits the plant!
The plant is splashed with acid.
You hit the oklob plant.
You headbutt the oklob plant, but do no damage.
The oklob plant is moderately damaged.
The oklob plant spits acid at you. The splash of acid hits you!
* * * LOW HITPOINT WARNING * * *
You are splashed with acid!
You die...

#.≈≈≈≈...≈≈≈≈.PPP#
..≈≈≈≈._........♣♣#
#.≈≈≈≈...≈≈≈≈..P.P#
#.≈≈≈≈≈≈≈≈≈≈≈.P♣.P#
#..≈≈≈≈≈≈≈≈≈...P..#
PP..≈≈≈≈≈≈≈...P..##
PPP..≈≈≈≈≈..#PP.###
PP.P.......♣#PP.PP#


♣PPPPP♣P♣.PPPP.%@## PP...P.PPPPPP...P.# .PPPPPPPPPPPP#%P#P# PPPPPP.♣P#PPP##P♣##
################# You could see an oklob plant.

Vanquished Creatures
  An adder (D:2)
  An ooze (D:1)
  4 worms (D:2)
  2 dart slugs
  2 leopard geckos
  A ball python (D:2)
  A giant cockroach (D:2)
  3 goblins (D:1)
  3 hobgoblins (D:1)
  2 jackals (D:1)
  4 kobolds
  3 bats (D:2)
  4 rats
  2 fungi (D:2)
  3 plants (D:2)
36 creatures vanquished.

Notes
Turn   | Place    | Note
-------+----------+-------------------------------------------
     0 | D:1      | Elvor the Minotaur Hunter began the quest for the Orb.
     0 | D:1      | Reached XP level 1. HP: 18/18 MP: 0/0
    56 | D:1      | Reached XP level 2. HP: 25/25 MP: 1/1
   294 | D:1      | Reached skill level 5 in Crossbows
   530 | D:2      | Found a shadowy altar of Dithmenos.
   552 | D:2      | Reached XP level 3. HP: 30/30 MP: 2/2
   973 | D:2      | Found a blossoming altar of Fedhas.
   985 | D:2      | Noticed an oklob plant
  1151 | D:2      | Splashed by an oklob plant's acid

Illustrated notes

Levels and vault maps discovered:
D:1:      minmay_arrival_radiant_lines, layout_rooms, minmay_pentomino_r4
D:2:      layout_loops_cross, grunt_dithmenos_smoke_and_mirrors, tgw_fedhas,
          first_ration, tgw_xom

Skill      XL: |  1  2  3 |
---------------+----------+-----
Crossbows      | 5 |  5.5
Fighting       | 3 |  3.0
Armour         | |  0.5
Dodging        | |  2.4
Stealth        | |  0.9

Action                   || total
-------------------------++-------
Melee: Short sword       ||    14
       Dagger            ||   130
       Headbutt          ||    42
 Fire: Hand crossbow     ||    56
  Eat: Ration            ||     1
Armor: Leather armour    ||    10
Dodge: Dodged            ||    30
